cohdb
Replays
Latest Replays
All Replays
Popular Replays
Top Player Replays
Match Explorer
How It Works
Community
CoH3 Stats
Reddit
Sign in to upload your games and track your stats! →
Sign in with Steam
Match 19622585
Unlisted
Match 19622585
Overview
Messages
Build Orders
End
Construct Barracks
Selects Armored Battlegroup
Selects Assault Engineers
Assault Engineer Squad
Riflemen Squad
Riflemen Squad
Riflemen Squad
Air Support Center
Riflemen Squad
Selects Strength in Steel
M1918 Browning Automatic Rifles
Construct Medical Station
Construct Medical Station
Selects M8 Scott SPG
Selects UNKNOWN (2160077)
Riflemen Squad
Riflemen Squad
Construct Tank Depot
Selects Field Repairs
Selects War Machine
Assault Engineer Squad
M4A3E8 Sherman Easy Eight
P-47 Strafing Run
Assault Engineer Squad
M4A3E8 Sherman Easy Eight
P-47 Strafing Run
M4A3E8 Sherman Easy Eight
Grenade Package
M18 Hellcat Tank Destroyer
M18 Hellcat Tank Destroyer
NO.2
秃鹫k
MonoChrome
spekrtp
0
0
Comments
sign in to comment!
No comments posted yet!